Map: Hecate LE

Players

Baler

  • Race: Zerg Zerg
  • League: Master
  • Spawn Location: 1:00

RedChekenBur - Winner!

  • Race: Protoss Protoss
  • League: Master
  • Spawn Location: 7:00

VOD

Have the link to the VOD?

Description

Time

  • Played on: Oct. 5, 2023, 2:45 p.m.
  • Length: 18:24
Show
View Real Time Build Order
Export as new Build Order

Baler Zerg 

Build Orders: Hatch First, Lurkers 

Get SALT Encoding   

  12  0:00  Drone  
  13  0:12  Overlord  
  13  0:18  Drone  
  14  0:30  Drone x2  
  16  0:48  Hatchery  
  15  0:52  Drone  
  15  0:56  Drone  
  17  0:58  Drone  
  18  1:09  Extractor  
  17  1:14  Spawning Pool  
  17  1:17  Drone  
  17  1:20  Drone  
  18  1:28  Drone  
  19  1:39  Drone  
  20  1:49  Overlord  
  20  2:01  Queen x2  
  22  2:03  Zergling x2  
  22  2:05  Drone  
  26  2:13  Metabolic Boost  
  26  2:15  Drone x2  
  28  2:27  Drone x2  
  30  2:41  Hatchery  
  30  2:42  Queen  
  31  2:47  Overlord  
  31  2:50  Drone  
  32  3:02  Drone x4  
  36  3:08  Drone x2  
  38  3:14  Overlord  
  38  3:15  Drone x2  
  38  3:18  Drone x2  
  42  3:21  Queen  
  42  3:26  Overlord  
  44  3:33  Extractor  
  43  3:37  Drone, Roach Warren  
  43  3:41  Drone  
  43  3:43  Drone  
  43  3:44  Drone x3  
  48  3:51  Zergling x4  
  48  3:52  Zergling x2  
  48  3:53  Drone  
  48  3:54  Drone x2  
  54  4:01  Queen  
  56  4:07  Drone, Overlord  
  56  4:08  Drone  
  58  4:12  Lair  
  58  4:15  Spore Crawler  
  57  4:18  Spore Crawler  
  57  4:19  Drone, Spore Crawler  
  56  4:29  Drone x5  
  56  4:30  Drone x2  
  63  4:34  Overlord  
  63  4:41  Drone x2  
  63  4:42  Drone  
  63  4:44  Overlord x2  
  67  4:45  Drone x2  
  67  4:50  Evolution Chamber  
  67  4:52  Baneling Nest  
  66  4:57  Drone x3, Extractor  
  67  5:20  Overseer  
  67  5:27  Hatchery  
  66  5:28  Drone x2  
  66  5:29  Drone x8  
  66  5:31  Glial Reconstitution  
  66  5:32  Zerg Melee Weapons Level 1  
  66  5:34  Overlord x2  
  66  5:35  Overlord  
  76  5:37  Centrifugal Hooks  
  76  5:40  Drone, Hydralisk Den  
  76  5:47  Extractor  
  76  5:48  Extractor  
  74  6:00  Overlord x3  
  74  6:03  Roach x8  
  90  6:13  Overlord x2  
  90  6:22  Drone x3  
  90  6:23  Infestation Pit  
  92  6:28  Overlord  
  92  6:29  Drone x7  
  99  6:34  Roach x3  
  99  6:35  Roach  
  99  6:39  Ravager x3  
  110  6:41  Drone  
  110  6:42  Drone x3  
  110  6:44  Extractor  
  113  7:02  Roach x9  
  113  7:03  Zergling x6, Roach x3  
  113  7:04  Hatchery  
  139  7:10  Ravager  
  139  7:11  Ravager  
  139  7:12  Zergling x6  
  142  7:27  Roach x7  
  142  7:28  Roach  
  158  7:36  Zergling x4, Roach x8  
  170  7:37  Zergling x2  
  149  7:57  Roach x6  
  149  7:58  Roach x5  
  151  8:15  Roach x6  
  151  8:18  Overlord x3  
  142  8:32  Roach  
  142  8:33  Roach x8  
  140  8:38  Grooved Spines  
  140  8:40  Hydralisk x7  
  154  8:45  Zergling x4  
  156  8:51  Drone x3  
  159  8:58  Drone x2  
  161  9:03  Hive  
  161  9:05  Drone x6  
  161  9:08  Zerg Melee Weapons Level 2  
  167  9:13  Evolution Chamber  
  167  9:16  Zergling x12  
  167  9:17  Zergling x10  
  177  9:25  Spore Crawler x2  
  177  9:27  Extractor x2  
  177  9:28  Muscular Augments  
  173  9:31  Hatchery  
  172  9:42  Drone, Spine Crawler  
  172  9:43  Drone x8, Hydralisk x5  
  172  9:44  Roach x3  
  172  9:45  Zergling x6, Roach, Spine Crawler  
  165  10:32  Drone x4  
  165  10:33  Drone x3  
  165  10:34  Drone x14  
  186  10:39  Zerg Missile Weapons Level 1  
  186  10:41  Lurker Den  
  185  10:46  Hydralisk  
  185  10:47  Hydralisk x6  
  138  11:16  Hydralisk  
  138  11:17  Hydralisk x4, Roach x2  
  138  11:18  Zergling x14, Roach x3  
  146  11:26  Drone x10  
  146  11:29  Extractor  
  146  11:30  Extractor  
  154  11:37  Spine Crawler  
  154  11:39  Spine Crawler  
  152  11:40  Spine Crawler  
  152  11:43  Zergling x10  
  152  11:44  Zergling x18  
  165  11:59  Baneling x14  
  165  12:00  Hydralisk x5  
  165  12:01  Hydralisk x5  
  167  12:20  Hatchery  
  119  12:31  Lurker  
  119  12:32  Lurker x9  
  119  12:34  Adaptive Talons  
  119  12:35  Roach  
  119  12:36  Roach x10  
  151  12:37  Zergling x2  
  151  12:38  Hydralisk  
  151  12:41  Hydralisk  
  156  12:58  Hydralisk x10  
  176  13:14  Hatchery  
  176  13:16  Hydralisk x3  
  176  13:17  Hydralisk, Roach x4  
  187  13:31  Seismic Spines  
  187  13:32  Hydralisk  
  187  13:33  Hydralisk x2, Roach x3  
  187  13:34  Roach  
  197  13:36  Lurker  
  197  13:37  Lurker x3  
  171  13:50  Lurker x2  
  171  13:51  Lurker x2  
  164  13:59  Drone x3  
  164  14:00  Drone x7  
  164  14:01  Drone x8  
  180  14:03  Lurker  
  178  14:15  Hydralisk x5  
  188  14:18  Drone x3  
  188  14:22  Zerg Missile Weapons Level 2  
  182  14:46  Lurker x2  
  184  14:55  Hydralisk x4  
  184  14:56  Roach x4  
  200  15:06  Lurker x7  
  184  15:18  Hydralisk x2  
  184  15:19  Hydralisk x2, Roach x4  
  184  15:20  Roach  
  191  15:39  Hydralisk x4, Roach  
  191  15:40  Roach x3  
  194  15:48  Lurker  
  183  15:51  Hydralisk x8  
  183  15:52  Zergling x2  
  171  16:34  Hydralisk x3  
  171  16:35  Roach x3  
  160  16:46  Hydralisk x2  
  156  16:48  Hydralisk  
  156  16:49  Hydralisk x12, Roach x3  
  156  16:50  Zergling x6  
  156  16:53  Lurker  
  183  16:55  Lurker x4  
  145  17:12  Hydralisk x7  
  145  17:13  Hydralisk x4  
  152  17:17  Hydralisk  
  152  17:20  Lurker x2  
  152  17:22  Lurker  
  157  17:33  Lurker  
  157  17:34  Lurker  
  140  17:48  Drone x2  
  140  17:49  Drone x7  
  149  18:05  Spire  
Show
View Real Time Build Order
Export as new Build Order

RedChekenBur Protoss - Winner!

Build Orders: Nexus First, Archon Immortal 

Get SALT Encoding   

  12  0:00  Probe  
  13  0:13  Probe  
  14  0:22  Pylon  
  14  0:25  Probe  
  15  0:40  Probe  
  16  0:56  Nexus  
  16  1:17  Gateway  
  16  1:18  Probe  
  17  1:27  Assimilator  
  17  1:29  Pylon  
  17  1:30  Probe (Chrono Boost)  
  18  1:34  Assimilator  
  18  1:41  Probe (Chrono Boost)  
  18  1:46  Probe  
  20  1:59  Probe  
  21  2:09  Probe (Chrono Boost)  
  21  2:11  Probe (Chrono Boost)  
  23  2:17  Cybernetics Core  
  23  2:19  Zealot, Probe (Chrono Boost)  
  23  2:20  Probe (Chrono Boost)  
  27  2:24  Gateway  
  27  2:25  Probe (Chrono Boost)  
  28  2:35  Probe (Chrono Boost)  
  29  2:37  Probe (Chrono Boost)  
  30  2:46  Probe (Chrono Boost)  
  30  2:48  Probe (Chrono Boost)  
  32  2:51  Probe (Chrono Boost)  
  32  2:54  Adept  
  32  2:55  Warp Gate  
  32  2:56  Probe  
  36  3:03  Probe  
  37  3:08  Twilight Council, Probe  
  38  3:15  Probe (Chrono Boost)  
  38  3:19  Robotics Facility  
  39  3:25  Pylon  
  39  3:26  Probe (Chrono Boost)  
  41  3:27  Probe (Chrono Boost)  
  41  3:33  Assimilator, Probe (Chrono Boost)  
  43  3:34  Probe (Chrono Boost)  
  43  3:42  Probe  
  43  3:44  Probe, Charge  
  45  3:51  Assimilator  
  45  3:54  Probe  
  46  3:56  Probe  
  46  3:58  Forge  
  47  4:06  Immortal, Probe  
  47  4:09  Probe  
  53  4:11  Pylon  
  53  4:18  Probe  
  53  4:24  Protoss Ground Weapons Level 1 (Chrono Boost)  
  54  4:28  Pylon  
  54  4:29  Probe, Pylon  
  54  4:30  Probe  
  56  4:36  Gateway  
  56  4:38  Gateway  
  56  4:41  Gateway, Probe  
  56  4:42  Probe  
  58  4:46  Immortal (Chrono Boost)  
  62  4:54  Probe x2  
  64  5:01  Nexus  
  64  5:03  Pylon  
  64  5:06  Probe  
  63  5:21  Templar Archives  
  63  5:22  Immortal (Chrono Boost)  
  67  5:30  Pylon  
  67  5:31  Sentry  
  67  5:34  Stalker x2  
  73  5:45  Pylon  
  73  5:51  Nexus  
  73  5:54  Immortal (Chrono Boost)  
  77  6:07  High Templar x4  
  77  6:09  Zealot  
  77  6:11  Archon x2  
  87  6:21  Gateway x2  
  87  6:23  Warp Prism (Chrono Boost)  
  87  6:25  Shield Battery  
  87  6:26  Probe x2  
  87  6:31  Pylon  
  91  6:33  Pylon  
  91  6:35  Pylon  
  91  6:38  Probe x2  
  93  6:43  Pylon  
  93  6:45  Pylon  
  93  6:50  High Templar x2  
  93  6:52  Zealot x3  
  103  6:54  Archon  
  103  7:03  Observer (Chrono Boost)  
  104  7:16  Zealot x4  
  104  7:17  Immortal (Chrono Boost)  
  114  7:30  Zealot x3  
  104  7:53  Warp Prism  
  104  7:58  Sentry x2  
  102  7:59  Zealot x5  
  84  8:28  Immortal (Chrono Boost)  
  84  8:31  Zealot  
  84  8:32  Zealot x6  
  98  8:37  Probe x3  
  98  8:39  Assimilator  
  99  8:41  Protoss Ground Weapons Level 2 (Chrono Boost)  
  99  8:42  Assimilator  
  99  8:49  Probe  
  99  8:50  Robotics Facility  
  99  8:53  High Templar x2  
  99  8:54  Nexus  
  104  8:55  Robotics Bay  
  104  8:56  Pylon  
  104  8:58  Archon  
  104  8:59  Immortal  
  104  9:01  Zealot x2  
  104  9:02  Zealot x2  
  115  9:10  Probe x3  
  118  9:22  Pylon, Probe x3  
  121  9:31  Zealot x5  
  121  9:32  Zealot x2  
  121  9:34  Pylon, Probe x3  
  138  9:42  Pylon  
  124  9:53  Zealot x6  
  124  9:54  Zealot  
  132  10:07  Colossus (Chrono Boost)  
  132  10:10  Colossus (Chrono Boost)  
  126  10:15  Extended Thermal Lance  
  114  10:29  Pylon  
  114  10:31  Gateway x2, Photon Cannon  
  114  10:32  Photon Cannon  
  114  10:33  Photon Cannon  
  112  10:35  Shield Battery  
  112  10:44  High Templar, Shield Battery  
  112  10:45  High Templar x3  
  112  10:46  Sentry x2  
  112  10:48  Archon  
  124  10:50  Archon  
  121  11:03  Zealot  
  105  11:10  Protoss Ground Weapons Level 3 (Chrono Boost)  
  95  11:14  Probe x2  
  95  11:15  Immortal (Chrono Boost), Probe  
  95  11:18  Disruptor (Chrono Boost)  
  94  11:27  Probe (Chrono Boost)  
  94  11:28  Probe (Chrono Boost)  
  94  11:29  Probe (Chrono Boost)  
  94  11:31  Probe (Chrono Boost)  
  98  11:37  Assimilator, Probe (Chrono Boost)  
  98  11:38  Assimilator, Probe x2 (Chrono Boost)  
  101  11:44  Assimilator  
  101  11:46  Colossus x2  
  107  11:47  Stalker x3  
  107  11:51  High Templar x2  
  123  11:55  Archon  
  123  12:03  Stalker x4  
  131  12:16  Observer  
  100  12:30  Probe  
  100  12:31  Probe x3  
  100  12:33  Stalker x6  
  116  12:41  Immortal  
  116  12:42  Probe  
  116  12:43  Probe x3  
  124  12:55  Probe x2 (Chrono Boost)  
  124  12:56  Probe (Chrono Boost)  
  124  12:57  Disruptor  
  132  12:58  Probe (Chrono Boost)  
  134  13:07  Probe x3 (Chrono Boost)  
  134  13:11  Probe (Chrono Boost)  
  134  13:12  Probe (Chrono Boost)  
  136  13:13  Zealot x7  
  136  13:14  Zealot x2  
  155  13:20  Disruptor  
  159  13:45  Disruptor  
  161  13:54  High Templar x2  
  161  13:55  High Templar x2  
  163  13:56  Zealot x5, Disruptor  
  163  14:02  Archon x2  
  175  14:06  Nexus, Pylon  
  175  14:08  Pylon  
  173  14:19  Probe x3  
  176  14:26  Photon Cannon  
  176  14:27  Photon Cannon  
  176  14:29  Photon Cannon  
  176  14:30  Photon Cannon  
  176  14:32  Photon Cannon  
  176  14:34  Photon Cannon  
  176  14:36  Photon Cannon  
  176  14:38  Shield Battery  
  176  14:39  Shield Battery  
  176  14:42  Shield Battery  
  176  14:44  Disruptor x2  
  176  14:45  Pylon  
  180  14:51  Zealot x7  
  180  14:52  Zealot x2  
  180  15:20  Disruptor  
  180  15:21  Observer  
  179  15:39  Zealot x8  
  179  15:40  Zealot, Probe  
  180  15:53  Immortal x2 (Chrono Boost), Pylon  
  180  15:55  Protoss Ground Armor Level 1 (Chrono Boost)  
  188  15:58  Photon Cannon  
  188  16:00  Photon Cannon  
  188  16:04  Robotics Facility  
  188  16:05  Probe x2  
  188  16:08  Assimilator  
  188  16:10  Assimilator  
  188  16:11  High Templar x4  
  194  16:12  Stalker  
  194  16:15  Archon  
  194  16:16  Archon  
  159  16:40  Zealot x2  
  159  16:41  Zealot x2  
  159  16:58  Observer  
  159  16:59  Zealot x3  
  157  17:06  Disruptor  
  143  17:23  Pylon  
  143  17:25  Gateway  
  143  17:26  Gateway  
  143  17:27  Gateway  
  143  17:28  Gateway  
  143  17:30  Gateway x2, Immortal  
  143  17:31  Gateway  
  141  17:42  Disruptor  
  141  17:43  Zealot  
  141  17:44  Zealot x6  
  151  17:56  Cybernetics Core  
  151  17:58  Gateway  
  150  18:11  Zealot x7  
Tags
 
Add a new tag
Caveats
  • Supply blocks, unpowered buildings, or Contaminate may cause inaccurate times.
  • Supply counts are checked every 10 seconds.